 Dungeon Crawl Stone Soup version 0.25.1-4-g9407a263a5 (webtiles) character file.

Game seed: 9813408350520472615

148 Clowwww the Chopper (level 5, -3/39 HPs)
             Began as a Demonspawn Gladiator on Nov 28, 2020.
             Slain by an adder (4 damage)
             ... on level 3 of the Dungeon.
             The game lasted 00:05:49 (2441 turns).

Clowwww the Chopper (Demonspawn Gladiator)          Turns: 2441, Time: 00:05:50

Health: -3/39      AC:  6    Str: 16    XL:     5   Next: 8%
Magic:  5/5        EV: 13    Int:  9    God:
Gold:   118        SH:  0    Dex: 14    Spells: 4/4 levels left

rFire    + . .     SeeInvis .   a - +0 war axe
rCold    . . .     Gourm    .   (no shield)
rNeg     . . .     Faith    .   b - +0 leather armour
rPois    .         Spirit   .   c - +0 helmet
rElec    .         Reflect  .   (no cloak)
rCorr    .         Harm     .   (no gloves)
MR       .....                  (no boots)
Stlth    +.........             (no amulet)
HPRegen  0.13/turn              (no ring)
MPRegen  0.09/turn              (no ring)

@: brilliant, lethally poisoned (-3 -> -8), flying
A: thin metallic scales 1, fire resistance 1
a: no special abilities


You were on level 3 of the Dungeon.
You were not hungry.

You visited 1 branch of the dungeon, and saw 3 of its levels.

You collected 118 gold pieces.

Inventory:

Hand Weapons
 a - a +0 war axe (weapon)
Missiles
 d - 2 throwing nets (quivered)
Armour
 b - a +0 leather armour (worn)
 c - a +0 helmet (worn)
 t - a +0 ring mail of magic resistance
Jewellery
 g - an uncursed ring of magical power {unknown}
 l - an uncursed amulet of regeneration {unknown}
 o - an uncursed ring of see invisible {unknown}
 p - an uncursed amulet of magic regeneration {unknown}
Scrolls
 i - 2 scrolls of enchant armour {unknown}
 n - a scroll of identify {unknown}
 r - a scroll of remove curse {unknown}
 s - a scroll of immolation {unknown}
 u - a scroll of fog {unknown}
Potions
 e - a potion of degeneration {unknown}
 h - 2 potions of brilliance
 j - a potion of resistance {unknown}
 k - a potion of might {unknown}
 m - a potion of flight
 q - 2 potions of curing {unknown}
 v - a potion of stabbing {unknown}
Comestibles
 f - 5 rations
 w - 8 chunks of flesh


   Skills:
 + Level 2.3 Fighting
 + Level 4.2 Axes
 + Level 1.9 Throwing
 + Level 1.3 Armour
 + Level 3.3 Dodging
 + Level 0.4 Stealth


You had 4 spell levels left.
You didn't know any spells.
Your spell library was empty.

Dungeon Overview and Level Annotations

Branches:
Dungeon (3/15)

Altars:
Fedhas
Uskayaw


Innate Abilities, Weirdness & Mutations

You are partially covered in thin metallic scales. (AC +2)
Your flesh is heat resistant. (rF+)


Message History

You miss the adder.
The adder is moderately wounded.
You barely miss the worm. You hit the bat.
You feel sick. The bat closely misses you. The adder barely misses you.
The worm bites you.
You closely miss the adder.
The adder is moderately wounded.
You hit the worm but do no damage. You closely miss the bat.
You feel sick. The bat hits you but does no damage.
The adder closely misses you. The adder bites you.
* * * LOW HITPOINT WARNING * * *
It was a potion of brilliance.
You feel clever all of a sudden.
You feel sick. The adder barely misses you. The worm bites you!
* * * LOW HITPOINT WARNING * * *
It was a potion of flight.
You feel very buoyant.
You fly up into the air.
The bat misses you. The adder bites you.
* * * LOW HITPOINT WARNING * * *
The adder bites you.
You die...

#
........
#.P P..#
#.._...#
.P. ..#
...b.#
#.##.#.#
#....w.#
#@# #S#
#.. ##.#
.. #.#
.. ##.


You could see a worm, an adder and a bat.

Vanquished Creatures
  An orc wizard (D:3)
  A worker ant (D:2)
  3 adders (D:2)
  A worm (D:2)
  A dart slug (D:2)
  A leopard gecko (D:1)
  4 orcs (D:3)
  2 giant cockroaches
  6 goblins
  3 hobgoblins
  7 jackals
  2 quokkas
  A ball python (D:2)
  9 bats
  6 frilled lizards
  10 kobolds (D:1)
  2 rats (D:1)
60 creatures vanquished.

Notes
Turn   | Place    | Note
-------+----------+-------------------------------------------
     0 | D:1      | Clowwww the Demonspawn Gladiator began the quest for the
                  | Orb.
     0 | D:1      | Reached XP level 1. HP: 16/16 MP: 1/1
   247 | D:1      | Reached skill level 3 in Axes
   247 | D:1      | Gained mutation: You are partially covered in thin metallic
                  | scales. (AC +2) [demonic ancestry]
   247 | D:1      | Reached XP level 2. HP: 17/22 MP: 2/2
   636 | D:1      | Reached XP level 3. HP: 20/27 MP: 3/3
   935 | D:2      | Gained mutation: Your flesh is heat resistant. (rF+)
                  | [demonic ancestry]
   935 | D:2      | Reached XP level 4. HP: 21/33 MP: 4/4
  1287 | D:2      | Reached skill level 1 in Armour
  1459 | D:2      | Noticed a +0 dagger
  1459 | D:2      | Noticed a +0 hand axe
  1461 | D:2      | Found a hide-covered altar of Uskayaw.
  1590 | D:2      | Reached skill level 4 in Axes
  2391 | D:3      | Reached XP level 5. HP: 35/38 MP: 5/5
  2429 | D:3      | Found a blossoming altar of Fedhas.
  2441 | D:3      | HP: 1/39 [adder (1)]
  2441 | D:3      | Slain by an adder

Illustrated notes

Levels and vault maps discovered:
D:1:      dpeg_arrival_more_subterranean_lakeside_camping, layout_basic,
          minmay_pentomino_q4
D:2:      layout_loops_corners, dancing_weapons_uskayaw, minivault_23
D:3:      layout_rooms, fedhas_altar_1, uniq_natasha, uniq_terence

Skill      XL: |  1  2  3  4 |
---------------+-------------+-----
Axes           | 3 4 |  4.2
Dodging        | 3 |  3.3
Armour         | 1 |  1.3
Fighting       | |  2.3
Throwing       | |  1.9
Stealth        | |  0.4

Action                   |  1- 3 |  4- 6 || total
-------------------------+-------+-------++-------
Melee: War axe           |    85 |    87 ||   172
Throw: Throwing net      |       |     3 ||     3
  Use: Potion            |       |     2 ||     2
 Stab: Sleeping          |     2 |     1 ||     3
  Eat: Chunk             |       |     5 ||     5
Armor: Leather armour    |    28 |    41 ||    69
Dodge: Dodged            |    75 |    74 ||   149
